[Event "Early-Titled-Tuesday-Blitz-February-06-2024"]
[Site "Chess.com"]
[Date "2024.02.06"]
[Round "7"]
[White "Ginger_GM"]
[Black "DeArron_Fox"]
[Result "0-1"]
[WhiteElo "2660"]
[BlackElo "2502"]
[TimeControl "180+1"]
[EndTime "9:19:15 PST"]
[Termination "DeArron_Fox won by resignation"]

1. e4 c5 2. b4 cxb4 3. a3 d5 4.
exd5 Qxd5 5. Nf3 b3 6. c4 Qe4+ 7. Be2 Qc2 8. Nd4 Qxd1+ 9. Bxd1 g6 10. Nxb3 Bg7 11. Nc3 Nc6 12. O-O Nf6 13. d4 Bf5 14. Bf3 Bd3 15. Be2 Bxe2 16. Nxe2 O-O-O 17. Rb1 Ne4 18. Be3 e6 19. f3 Nd6 20. Bg5 f6 21. Bh4 Nxc4 22. Rfc1 Nxa3 23. Ra1 Nb5 24. Na5 Nxd4 25. Nxd4 Rxd4 26. Nxc6 bxc6 27. Rxa7 Bh6 28. Rxc6+ Kb8 29. Ra1 Rxh4 30. Rb1+ Ka7 31. g4 Be3+ 32. Kg2 Bf4 33. h3 Rb8 34. Ra1+ Kb7 35. Rxe6 Kc7 36. Ra2 Rb6 37.
Re4 g5 38. Rc4+ Kb7 39. Rac2 Rh6 40. Rc8 Ka6 41. Ra8+ Kb7 42. Rca2 Rg6 43. R2a7+ Kc6 44. Rc8+ Kd6 45. Ra2 Rg7 46. Rd8+ Kc7 47. Rf8 Kb7 48. Rc2 Rc7 49. Ra2 Kc6 50. Rxf6+ Kb7 51. Rf8 Rbc6 52.
Rb2+ Ka7 53. Rf5 Rc2+ 54. Rxc2 Rxc2+ 55. Kf1 Rc1+ 56. Ke2 Rc2+ 57. Kd3 Rd2+ 58. Ke4 Rd7 59. h4 Re7+ 60. Kd5 Rd7+ 61. Kc6 Rc7+ 62. Kb5 Bd2 63. hxg5 Kb7 64. f4 Rc3 65. Rf7+ Kc8 66. f5 Bxg5 67. Rxh7 Kd8 68. Rg7 Bf6 69. Rf7 Bh4 70. f6 Ke8 71. Re7+ Kf8 72. Re3 Rxe3 0-1

[Event "Early-Titled-Tuesday-Blitz-February-06-2024"]
[Site "Chess.com"]
[Date "2024.02.06"]
[Round "7"]
[White "Chesstiger64"]
[Black "Mourinho_Jose"]
[Result "1/2-1/2"]
[WhiteElo "2278"]
[BlackElo "2475"]
[TimeControl "180+1"]
[EndTime "9:19:16 PST"]
[Termination "Game drawn by agreement"]

1. d4 d5 2. Nf3 Nf6 3. e3 Bf5 4. c4 c6 5. Nc3 e6 6. Be2 Bd6 7. Nh4 Bg6 8. Qb3 Qb6 9. c5 Qxb3 10. axb3 Be7 11. b4 a6 12. b5 cxb5 13. Nxb5 Kd7 14. Nc3 Nc6 15. Nxg6 hxg6 16. Na4 Rad8 17. Nb6+ Kc7 18.
Bd2 e5 19. Bc3 Ne4 20. O-O exd4 21. exd4 Rhe8 22. Bf3 Bf6 23. Rfd1 Re7 24. Kf1 g5 25. h3 g6 26. Rd3 Bg7 27. Bd1 f5 28. Bb3 Nf6 29.
Rg3 Bh6 30. Re1 Rxe1+ 31. Kxe1 Re8+ 32. Re3 Rxe3+ 33. fxe3 Ne7 34. Ba4 g4 35. Ba5 Kb8 36. Ke2 gxh3 37. gxh3 Nc6 38. Be1 f4 39. Bf2 Kc7 40.
Bb3 Ne7 41. Kf3 g5 42. exf4 gxf4 43. Bh4 Bg7 44. Bxf6 Bxf6 45. Nxd5+ Nxd5 46. Bxd5 Bxd4 47. b3 Bxc5 48. Kxf4 b5 49. h4 a5 50. h5 Ba3 51.
h6 Bc1+ 52. Ke4 Bxh6 53. Kd3 Kd6 54. Bf7 Kc5 55. Be8 Kb4 56. Kc2 Bg7 57. Bd7 Bf6 58. Be8 Kc5 59. Bd7 Be5 60. Be8 Bd4 61. Bd7 Kb4 62. Be8 Bf6 63. Bd7 Be5 64. Be8 Ka3 65.
Bd7 b4 66. Ba4 Bd4 67. Kd3 Bc3 68. Kc4 Bf6 69. Kb5 Bd8 70. Kc6 Kb2 71. Kd7 Bg5 72. Kc6 Kc3 73. Kb6 Bd8+ 74. Kc6 Kd4 75. Kd7 Bf6 76.
Kc6 Bg7 77. Kd7 Kc5 78. Ke6 Bf8 79. Kf5 1/2-1/2

[Event "Early-Titled-Tuesday-Blitz-February-06-2024"]
[Site "Chess.com"]
[Date "2024.02.06"]
[Round "7"]
[White "DonMicheleCorleone"]
[Black "TokChess"]
[Result "1-0"]
[WhiteElo "2439"]
[BlackElo "2570"]
[TimeControl "180+1"]
[EndTime "9:19:18 PST"]
[Termination "DonMicheleCorleone won by resignation"]

1. e4 c5 2. Nc3 e6 3. g3 Nc6 4.
Bg2 g6 5. Nf3 Bg7 6. O-O Nge7 7.
Re1 d6 8. d3 O-O 9. Be3 e5 10.
Qd2 Rb8 11. Bh6 b5 12. Bxg7 Kxg7 13. h4 h6 14. a3 Be6 15. h5 Qd7 16. Kh2 g5 17.
Ng1 Bg4 18. f3 Bxh5 19. g4 Bg6 20. Nce2 Nd4 21. Qd1 Rh8 22. Ng3 Ne6 23. Nf5+ Bxf5 24. gxf5 Nf4 25. c3 Rbc8 26. Rc1 Ng8 27. Bh3 Nf6 28.
Ne2 Nxh3 29. Kxh3 Kf8 30. d4 Ke7 31. dxe5 dxe5 32. Qc2 Rcd8 33. Rcd1 Qc6 34. c4 a6 35. cxb5 axb5 36. Rc1 c4 37. Red1 Rxd1 38. Rxd1 Rd8 39.
Rxd8 Kxd8 40. Qc3 Nd7 41. Qa5+ Ke7 42. Nc3 Qc5 43. Qb4 Qxb4 44. axb4 h5 45. Nxb5 Nb8 46. Na3 Nc6 47. Nxc4 f6 48. b5 Nd4 49. b6 Kd7 50. Kg2 Kc6 51. b4 Nc2 52. b5+ Kb7 53. Nd6+ Kxb6 54. Ne8 Kxb5 55. Nxf6 Kc6 56. Nxh5 Kd7 57.
Kg3 Ne3 58. Nf6+ Ke7 59. Ng4 Nf1+ 60. Kf2 Nd2 61. Nxe5 Kf6 62. Ng4+ Kf7 63. Ke3 Nc4+ 64. Kd4 Nd2 65. Ke3 Nc4+ 66. Ke2 Ke7 67. e5 Kf7 68. Kd3 Nb2+ 69. Kd4 Nd1 70. e6+ Ke7 71. Ke5 1-0

[Event "Early-Titled-Tuesday-Blitz-February-06-2024"]
[Site "Chess.com"]
[Date "2024.02.06"]
[Round "7"]
[White "BestStelker"]
[Black "toninhojit"]
[Result "0-1"]
[WhiteElo "2700"]
[BlackElo "2539"]
[TimeControl "180+1"]
[EndTime "9:19:19 PST"]
[Termination "toninhojit won on time"]

1. c4 c5 2. Nc3 Nc6 3. Nf3 e5 4. e3 f5 5. d4 e4 6. d5 Nb8 7. Nd2 Nf6 8. f3 Bd6 9. Qc2 Qe7 10. Nb5 exf3 11. Nxd6+ Qxd6 12. gxf3 O-O 13. Bd3 Qe7 14.
Nf1 d6 15. Bd2 Nbd7 16. O-O-O Ne5 17. Ng3 Nxf3 18. Nxf5 Bxf5 19. Bxf5 Nxd2 20. Be6+ Kh8 21. Rxd2 Nd7 22. Rg1 Ne5 23. Rdg2 g6 24. Qe4 Rf6 25. h4 Raf8 26. h5 Rf1+ 27. Rxf1 Rxf1+ 28. Kc2 Qf6 29. hxg6 Nxg6 30. Kb3 Rf3 31. Bg4 Rf2 32. Qe8+ Kg7 33.
Qd7+ Kh8 34. Rxf2 Qxf2 35. Qxd6 Qxe3+ 36. Ka4 Qd4 37. Qb8+ Kg7 38. Qxb7+ Kh6 39. Be2 Qd2 40. Bg4 Qd4 41. Be2 Ne5 42. Qa6+ Kg5 43. b3 Qb2 44.
Qe6 Qc3 45. Kb5 Qb4+ 46. Ka6 Kf4 47. Qf6+ Ke4 48. Kxa7 Qa3+ 49. Kb7 Qxa2 50. Bh5 Qxb3+ 51. Kc7 Qxc4 52. Be8 Qxd5 53. Qh4+ Ke3 54. Qe1+ Kd4 55.
Qd2+ Nd3 56. Bd7 Qe5+ 57. Kc8 c4 58. Qd1 c3 59. Qg1+ Qe3 60. Qg4+ Nf4 61. Qg7+ Kd3 62.
Qxh7+ Kd2 63. Bb5 Qc5+ 64. Kb7 Qxb5+ 65. Kc7 Qc4+ 66. Kb7 c2 67. Qh2+ Kc3 68. Qg3+ Kb2 69. Qf2 Kb1 70. Qe1+ c1=Q 71. Qe5 Qb2+ 72. Ka7 Qa4+ 0-1

[Event "Early-Titled-Tuesday-Blitz-February-06-2024"]
[Site "Chess.com"]
[Date "2024.02.06"]
[Round "7"]
[White "PapaieDudu"]
[Black "Ind1anStar"]
[Result "0-1"]
[WhiteElo "2417"]
[BlackElo "2595"]
[TimeControl "180+1"]
[EndTime "9:19:19 PST"]
[Termination "Ind1anStar won by resignation"]

1. e4 e6 2. Nf3 d5 3. e5 c5 4. b4 cxb4 5. a3 bxa3 6. d4 Nc6 7. c3 Nge7 8. Bd3 Ng6 9. h4 Be7 10. Ng5 Ngxe5 11. dxe5 Nxe5 12. Bb5+ Bd7 13. Nxa3 Bxb5 14.
Nxb5 h6 15. Bf4 Bf6 16. Bxe5 Bxe5 17. Nxf7 Kxf7 18. Qh5+ Kf6 19. O-O Qe8 20. Qe2 a6 21. f4 Bb8 22. Nd4 Kf7 23. f5 e5 24. Qh5+ Ke7 25. f6+ gxf6 26. Nf5+ Kd7 27. Qg4 Qe6 28. Qg7+ Kc6 29. Kh1 Kb6 30. Qxh8 e4 31. Qd8+ Ka7 32. Qa5 Qe5 33. Qc5+ b6 34. Qg1 Bc7 35. g3 Rg8 36. Rf2 Rg4 37. Rg2 Qxf5 38. Rf1 Qe5 39. Rff2 Rxg3 40.
Rxg3 Qxg3 41. Qxg3 Bxg3 42. Rxf6 Be5 43. Rf5 Bxc3 44.
Rxd5 e3 45. Rd7+ Kb8 46. Re7 Bd2 47. Kg2 a5 48. Kf3 a4 49. Re4 b5 50. Re5 a3 51.
Rxb5+ Kc7 52. Rb3 Bc1 53. Rc3+ Kd6 54. Rc2 Bb2 55. Ke2 a2 56. Rxb2 a1=Q 57. Rb6+ Kc5 58. Rxh6 Qd4 59. Rh5+ Kd6 60. Rg5 Qd2+ 61. Kf3 Qf2+ 62.
Ke4 e2 63. Rg6+ Kc5 64. Rg5+ Kc4 65. Rg1 Qxg1 66. h5 e1=Q+ 67. Kf5 Qc5+ 68. Kg6 Qe6+ 69. Kh7 Qce7+ 0-1

[Event "Early-Titled-Tuesday-Blitz-February-06-2024"]
[Site "Chess.com"]
[Date "2024.02.06"]
[Round "7"]
[White "Eagle_2019"]
[Black "ChristopherYoo"]
[Result "0-1"]
[WhiteElo "2859"]
[BlackElo "2972"]
[TimeControl "180+1"]
[EndTime "9:19:28 PST"]
[Termination "ChristopherYoo won on time"]

1. Nf3 Nf6 2. c4 g6 3. g3 Bg7 4.
Bg2 O-O 5. O-O d6 6. d4 c6 7. Nc3 Bf5 8. Ng5 e5 9. d5 Qe7 10. e4 Bg4 11. f3 Bd7 12. Nh3 Na6 13. Be3 cxd5 14. cxd5 Rfc8 15. Nf2 b5 16. a3 Nc5 17. Rc1 a5 18. b4 axb4 19. axb4 Na4 20. Qb3 Nh5 21. Ne2 f5 22. Kh1 Qf7 23. f4 Nf6 24. fxe5 dxe5 25. exf5 gxf5 26. Nd3 Rxc1 27. Rxc1 Ne4 28.
Nc5 Nd6 29. Ne6 Nc4 30. Bc5 Rc8 31. Bg1 Bxe6 32. dxe6 Qxe6 33. Qf3 e4 34. Qh5 Qg6 35. Qh3 Bh6 36. Rf1 Rf8 37. Nd4 Nd6 38. Nc6 Bg5 39. Bc5 Nxc5 40. bxc5 Nc4 41. Nd4 Ne3 42. Re1 b4 43.
Bf1 Qf6 44. Qh5 Ng4 45. Bc4+ Kh8 46. Ne6 Rg8 47. Nxg5 Rxg5 48. Qe8+ Kg7 49. Qd7+ Kh6 50. Qd6 Rg6 51. Qxf6 Rxf6 52. Bd5 Nf2+ 53. Kg2 Nd3 54. Rb1 Nxc5 55. Rxb4 Rd6 56. Bc4 Rd2+ 57. Kh3 Kg5 58. Rb5 Nd3 59. Be6 Nf2+ 60. Kg2 Ng4+ 61. Kg1 Ne3 62. h3 Rg2+ 63. Kh1 Rxg3 64. Kh2 Rf3 65. Rb3 Kh4 66. Kg1 Kg3 67. Rb1 f4 68.
Re1 Rf2 69. Kh1 Rh2+ 70. Kg1 Rg2+ 71. Kh1 Kf2 72. Rc1 f3 0-1

[Event "Early-Titled-Tuesday-Blitz-February-06-2024"]
[Site "Chess.com"]
[Date "2024.02.06"]
[Round "7"]
[White "Yeritsyaan"]
[Black "iJueles"]
[Result "0-1"]
[WhiteElo "2611"]
[BlackElo "2462"]
[TimeControl "180+1"]
[EndTime "9:19:30 PST"]
[Termination "iJueles won on time"]

1. e4 c6 2. d3 d5 3. Nf3 dxe4 4. dxe4 Qxd1+ 5. Kxd1 Nf6 6. Bd3 Bg4 7. Be3 Nbd7 8.
Nd2 Ne5 9. Be2 Nxf3 10. gxf3 Bd7 11. c3 g6 12. Kc2 Bg7 13. Nc4 b6 14. b4 O-O 15.
Rhd1 Rfd8 16. a4 Ne8 17. Bd4 Nc7 18. Bxg7 Kxg7 19. Ne5 Be8 20. Rxd8 Rxd8 21. a5 b5 22. Rd1 Rxd1 23. Bxd1 f6 24. Nd3 e5 25. Nc5 g5 26.
Be2 Kf8 27. c4 Ke7 28. cxb5 cxb5 29. Kc3 Bc6 30. Bd1 Ne6 31. Bb3 Nd4 32. Bd1 Ne6 33. Nb3 Kd6 34. Nd2 Nd4 35. Nf1 Bd7 36. Ne3 Be6 37. Ng2 a6 38. Ne1 Bc4 39. Bc2 Be2 40. Bd3 Bxf3 41. Kd2 Bh5 42. Bf1 Bf7 43. Kc3 Be6 44.
Bd3 Bd7 45. Bb1 Bc6 46. Bd3 h5 47. f3 h4 48. Bf1 Bd7 49. Bg2 h3 50. Bf1 Be6 51.
Bd3 Ba2 52. Bf1 Be6 53. Bd3 Bd7 54. Bf1 Bc8 55. Bd3 Ne6 56. Bc2 Nf4 57. Bd1 Be6 58. Nc2 Bc4 59. Ne3 Be6 60. Kd2 Ng2 61. Nc2 Bb3 62. Na1 Bxd1 63. Kxd1 Ne3+ 64. Ke2 Ng2 65.
Nc2 Nf4+ 66. Ke3 Ng2+ 67. Kf2 Nf4 68. Ne1 Kc6 69. Kg3 Kd6 70. Kg4 Ke6 71. Nc2 Nd3 72. Kxh3 Kf7 73. Kg4 Kg6 74. h4 Nf2+ 75. Kg3 Nd3 76.
hxg5 Kxg5 77. Kh3 Kf4 78. Kg2 Nc1 0-1

[Event "Early-Titled-Tuesday-Blitz-February-06-2024"]
[Site "Chess.com"]
[Date "2024.02.06"]
[Round "7"]
[White "PavelShkapenko"]
[Black "Huragan007"]
[Result "1/2-1/2"]
[WhiteElo "2761"]
[BlackElo "2594"]
[TimeControl "180+1"]
[EndTime "9:19:33 PST"]
[Termination "Game drawn - insufficient material"]

1. e4 c5 2. Nc3 Nc6 3. g3 g6 4. Bg2 Bg7 5. d3 d6 6. Be3 Nf6 7. h3 O-O 8. Qd2 Rb8 9. f4 Qc7 10. Nf3 b5 11. a3 a5 12. O-O b4 13. axb4 Rxb4 14. Ne2 Rxb2 15. g4 Nb4 16. Rac1 Ba6 17.
Qd1 a4 18. Ng3 a3 19. f5 a2 20. Bf4 Qb6 21. Kh2 Rb8 22. Bd2 Nd7 23. e5 Nxe5 24. Ne4 Nd5 25. f6 Nxf3+ 26. Qxf3 Nxf6 27. g5 Nxe4 28.
Qxf7+ Kh8 29. Bxe4 Rb1 30. Qxa2 Be5+ 31. Kg2 Rxc1 32. Bxc1 Bb7 33. Qc4 Bxe4+ 34. Qxe4 Qb7 35. Rf8+ Kg7 36. Qxb7 Rxb7 37. Re8 Kf7 38. Rc8 Rb1 39. Be3 Rb2 40. Kf3 Rxc2 41. d4 Bg7 42. dxc5 dxc5 43.
Rxc5 Rh2 44. Kg4 Ra2 45. Rc1 Ra4+ 46. Kf3 Ra5 47. h4 Rf5+ 48. Ke4 Re5+ 49. Kf3 Rf5+ 50. Ke4 Be5 51. Rc5 Ke6 52. Rc6+ Bd6 53. Rc8 Re5+ 54.
Kf3 Rf5+ 55. Ke4 Rf1 56. Rh8 Rh1 57. Rxh7 Bg3 58. h5 Rxh5 59. Rg7 Rh4+ 60. Kf3 Be5 61. Rxg6+ Kf7 62. Ra6 Rh1 63. Ke4 Bd6 64. Ra2 Rh4+ 65.
Kf3 Rh8 66. Kg4 Kg6 67. Ra6 Rh1 68. Bf4 Rg1+ 69. Kh3 Rd1 70. Kg2 Kf5 71. Bxd6 Rxd6 72. Ra5+ Kg6 73. Kf3 Rd4 74. Ke3 Rg4 75. Re5 Rxg5 76.
Rxe7 Kf6 77. Re4 Rg3+ 78. Kf2 Rg5 79. Re3 Rf5+ 80. Rf3 Rxf3+ 81. Kxf3 1/2-1/2

[Event "Early-Titled-Tuesday-Blitz-February-06-2024"]
[Site "Chess.com"]
[Date "2024.02.06"]
[Round "7"]
[White "KubaGepard"]
[Black "Gryffindorac8"]
[Result "1-0"]
[WhiteElo "2559"]
[BlackElo "2367"]
[TimeControl "180+1"]
[EndTime "9:19:36 PST"]
[Termination "KubaGepard won by checkmate"]

1. e4 c5 2. Nf3 d6 3. d4 cxd4 4. Nxd4 Nf6 5. Nc3 a6 6. Be3 e5 7. Nf3 Be7 8. Bc4 Be6 9. Bxe6 fxe6 10. Ng5 Qd7 11. Qf3 Nc6 12. Qh3 Nd8 13. Bb6 h6 14. O-O-O O-O 15. Bxd8 hxg5 16. Bxe7 Qxe7 17. Qd3 Rfd8 18.
f3 b5 19. a3 Rac8 20. Qe3 d5 21.
exd5 exd5 22. Qxg5 Rxc3 23. bxc3 Qxa3+ 24. Kb1 Qxc3 25. Rd3 Qc7 26. Re1 Rc8 27. Qd2 e4 28. Rxd5 exf3 29. Rg5 fxg2 30. Qxg2 b4 31. Rg1 Ne8 32.
Qd5+ Qf7 33. Qxf7+ Kxf7 34. Ra5 Rc6 35. Rg4 Rb6 36.
Ra4 a5 37. Rxa5 b3 38. c3 Nf6 39. Rb4 Re6 40. Rxb3 Re2 41. Rb2 Re1+ 42. Ka2 Ne4 43. Rc2 Re3 44. Kb2 Ke6 45. c4 Kd6 46. c5+ Kc6 47. Ra6+ Kd5 48. c6 Nd6 49. c7 Re8 50.
Rxd6+ Kxd6 51. c8=Q Rxc8 52. Rxc8 Ke6 53. Rc3 g5 54.
Rg3 Kf5 55. Kc2 Kf4 56. Kd2 g4 57. Ke2 Kg5 58. Kf2 Kh4 59. Ke3 Kh5 60. Kd4 Kh4 61. Kd5 Kh5 62. Kd6 Kh4 63. Ke5 Kh5 64. Kf4 Kh4 65. Kf5 Kh5 66. Rxg4 Kh6 67. Kf4 Kh5 68. Kg3 Kh6 69. Rh4+ Kg6 70. Rf4 Kh6 71. Rf3 Kh5 72. Rf2 Kh6 73. Rg2 Kh5 74. Rg1 Kh6 75. Rh1 Kh5 76. Rf1 Kh6 77. Re1 Kh5 78. Rd1 Kh6 79.
Rc1 Kh5 80. Rb1 Kh6 81. Ra1 Kh5 82. Ra2 Kh6 83. Rb2 Kh5 84. Rc2 Kh6 85. Rc3 Kh5 86.
Rb3 Kh6 87. Ra3 Kh5 88. Ra4 Kh6 89. Rb4 Kh5 90. Rb5+ Kh6 91. Ra5 Kh7 92. Ra6 Kg7 93. Rb6 Kh7 94. Rb7+ Kh6 95. Ra7 Kh5 96. Ra8 Kh6 97.
Rb8 Kh5 98. Rb7 Kh6 99. Rb6+ Kh5 100. Rb5+ Kh6 101. h3 Kg6 102. Rb4 Kh6 103. Rb3 Kg6 104. Rc3 Kh6 105. Rc2 Kg6 106. Rb2 Kh6 107. Ra2 Kg6 108. Ra1 Kh6 109. Rb1 Kg6 110. Rc1 Kh6 111. Rd1 Kg6 112. Re1 Kh6 113. Rf1 Kg6 114. Rg1 Kh6 115. Rh1 Kg6 116. Rh2 Kh6 117. Rg2 Kg6 118. Rf2 Kh6 119. Re2 Kg6 120. Kg4 Kh6 121. Rd2 Kg6 122. Rc2 Kh6 123. Rb2 Kg6 124. Ra2 Kh6 125. Ra3 Kg6 126. Rb3 Kh6 127. Rc3 Kg6 128. Rd3 Kh6 129. Re3 Kg6 130. Rf3 Kh6 131. Rg3 Kg6 132. Ra3 Kh6 133. Ra4 Kg6 134. Rb4 Kh6 135. Rc4 Kg6 136. Rd4 Kh6 137. Re4 Kg6 138. Rf4 Kh6 139. Rf5 Kg6 140. Re5 Kh6 141. Rd5 Kg6 142. Rc5 Kh6 143. Rb5 Kg6 144. Ra5 Kh6 145. h4 Kg6 146. Ra6+ Kg7 147. Kg5 Kh7 148. h5 Kg7 149. h6+ Kh7 150. Ra7+ Kh8 151. Kg6 Kg8 152. Rf7 Kh8 153. Rf6 Kg8 154. Rf5 Kh8 155. Rf4 Kg8 156. Rf3 Kh8 157. Rf2 Kg8 158. Rf1 Kh8 159. Rf2 Kg8 160. Rf8+ Kxf8 161. h7 Ke7 162. h8=R Ke6 163. Rf8 Ke7 164. Rf7+ Ke6 165. Rf5 Ke7 166. Rf6 Kd7 167. Kf5 Ke7 168. Ke5 Kd7 169. Kd5 Ke7 170. Rf5 Ke8 171. Kd6 Kd8 172. Rf8# 1-0

[Event "Early-Titled-Tuesday-Blitz-February-06-2024"]
[Site "Chess.com"]
[Date "2024.02.06"]
[Round "7"]
[White "Iball95"]
[Black "kingofthenil"]
[Result "1/2-1/2"]
[WhiteElo "2904"]
[BlackElo "2672"]
[TimeControl "180+1"]
[EndTime "9:19:37 PST"]
[Termination "Game drawn by repetition"]

1. e4 Nc6 2. Nc3 d5 3. Nxd5 f5 4. Nc3 Nf6 5. Bb5 fxe4 6. Nge2 Bf5 7. Ng3 Bg6 8. Qe2 e5 9. Ngxe4 Nxe4 10. Nxe4 Qd5 11.
Bxc6+ Qxc6 12. d3 Bb4+ 13. c3 Be7 14. O-O O-O-O 15. f3 Rd7 16. Be3 Rhd8 17. Rfd1 a5 18. Rd2 a4 19. a3 Bf7 20. Bg5 Bxg5 21. Nxg5 Bg6 22. Rad1 h6 23. Ne4 Bf7 24. Qe3 Bb3 25. Re1 b6 26. Nf2 Rd5 27. Rde2 h5 28. Qe4 Qc5 29. Qe3 Qd6 30. h3 Kb8 31. Qe4 Qc5 32. c4 Rxd3 33. Qxe5 Qxe5 34. Rxe5 Rd2 35. c5 Rxb2 36. cxb6 Rdd2 37. bxc7+ Kxc7 38. Re7+ Kc6 39. Rf1 Rdc2 40. Rxg7 Bc4 41. Rg6+ Kc7 42. Rg7+ Kc6 43.
Rg6+ Kc7 44. Rg7+ Kc8 45. Re1 Re2 46. Rc1 Rbc2 47. Rxc2 Rxc2 48. Ne4 Bd3 49. Nd6+ Kd8 50. f4 Ra2 51. f5 Rxa3 52. f6 Ra1+ 53. Kh2 Rf1 54.
Rg8+ Kd7 55. f7 Kxd6 56. f8=Q+ Rxf8 57. Rxf8 Be4 58. Re8 Bd5 59. Re3 Kc5 60. g4 hxg4 61. hxg4 Kb4 62. Rd3 Bc4 63. Rd1 a3 64. Kg3 Kc3 65. g5 a2 66. g6 Kb2 67. Rd2+ Kb1 68. Rd1+ Kc2 69. Rh1 Kb2 70. Rh2+ Kb3 71. Rh1 Kb2 72.
Rh2+ Kb3 73. Rh1 Kb2 1/2-1/2

[Event "Early-Titled-Tuesday-Blitz-February-06-2024"]
[Site "Chess.com"]
[Date "2024.02.06"]
[Round "7"]
[White "FontVella8"]
[Black "h4parah5"]
[Result "0-1"]
[WhiteElo "2761"]
[BlackElo "2937"]
[TimeControl "180+1"]
[EndTime "9:19:42 PST"]
[Termination "h4parah5 won by resignation"]

1. e4 c5 2. Nf3 e6 3. d4 cxd4 4. Nxd4 Nc6 5. Nc3 Qc7 6. Be3 a6 7. a3 b5 8. Nxc6 Qxc6 9. Be2 Bb7 10. O-O Rc8 11. Qd3 Bc5 12. Rfd1 Bxe3 13. Qxe3 Nf6 14. Bf3 Qc5 15. Qxc5 Rxc5 16. Rd3 Bc6 17. Re1 Re5 18. Kf1 Ke7 19. g3 g5 20. h3 h5 21. Bg2 g4 22. h4 a5 23. Rd4 Rg8 24. Re3 Rb8 25. Ke2 b4 26. axb4 Rxb4 27. Rxb4 axb4 28. Na2 Rb5 29. f4 gxf3+ 30. Bxf3 d6 31.
Rb3 Nxe4 32. Bxe4 Bxe4 33. Rxb4 Re5 34. Kd2 Bg6 35. Nc3 Rc5 36. Rb7+ Kd8 37. b4 Rc7 38.
Rxc7 Kxc7 39. Ne2 e5 40. c4 Bf5 41. Nc3 Be6 42. Kd3 f5 43. c5 dxc5 44. bxc5 Kc6 45. Na4 Bb3 46. Nc3 Kxc5 47. Ke3 Bd5 48. Nd1 Bc6 49.
Nf2 Bb5 50. Nh3 Kc4 51. Ng5 Be8 52. Nf3 Kd5 53. Ng5 Ba4 54. Nh3 Bd1 55. Ng5 Bg4 56.
Nf7 Ke6 57. Ng5+ Kf6 58. Kd3 Bd1 59. Ke3 Ba4 60. Nh7+ Kg6 61. Ng5 Bd7 62. Nf3 Kf6 63. Ng5 Bc6 64. Nh3 Bg2 65. Ng5 Bd5 66. Nh7+ Ke7 67. Ng5 Kd6 68. Nh3 Kc5 69. Ng5 Kc4 70. Nh7 Kc3 71. Nf6 Bf7 72. Nd7 e4 73. Ne5 Be8 74.
Kf4 Kd4 75. g4 hxg4 76. h5 Bxh5 77. Nc6+ Kd3 78. Ne5+ Kd2 79. Nc4+ Ke2 80. Ne3 g3 81. Nxf5 g2 82. Ng3+ Kf2 83. Nxe4+ Ke1 84. Ng3 g1=Q 85. Nxh5 Ke2 86. Ng3+ Kf2 87. Ne4+ Kg2 0-1

[Event "Early-Titled-Tuesday-Blitz-February-06-2024"]
[Site "Chess.com"]
[Date "2024.02.06"]
[Round "7"]
[White "FredddieCroderg"]
[Black "FARIZA2018"]
[Result "0-1"]
[WhiteElo "2367"]
[BlackElo "2518"]
[TimeControl "180+1"]
[EndTime "9:19:42 PST"]
[Termination "FARIZA2018 won on time"]

1. e4 e5 2. Nf3 Nc6 3. Bb5 a6 4. Bxc6 dxc6 5. O-O f6 6. d4 exd4 7. Qxd4 Qxd4 8. Nxd4 c5 9. Nb3 Be6 10. Na5 O-O-O 11.
Be3 b6 12. Nb3 Ne7 13. Nc3 Nc6 14. Rad1 Bd6 15. Nd5 Be5 16. c3 f5 17. Nf4 Bxb3 18.
axb3 fxe4 19. Ne6 Rxd1 20. Rxd1 h6 21. Bf4 Bxf4 22. Nxf4 g5 23. Ne2 Re8 24. Kf1 Ne5 25. Ng3 e3 26. fxe3 Ng4 27. Re1 Nxh2+ 28. Ke2 Ng4 29. Kf3 Ne5+ 30. Ke2 Kb7 31. Nf5 Re6 32. Rh1 Nf7 33. g4 b5 34. Kd3 Kb6 35. c4 Ne5+ 36.
Ke4 Nxg4+ 37. Kf3 Ne5+ 38. Kg3 Nf7 39. Kf3 Rf6 40. e4 Ne5+ 41. Ke3 Nf7 42. Kf3 c6 43.
Ke3 Re6 44. Kd3 a5 45. Ke3 a4 46. bxa4 bxa4 47. Ra1 Nd6 48. Nxd6 Rxd6 49. Rxa4 Re6 50. Ra8 Kc7 51. Rh8 Kd6 52. Rh7 Ke5 53. Rg7 Rd6 54. Re7+ Kf6 55. Re8 Re6 56. Rf8+ Ke7 57. Rh8 Rg6 58.
Kf3 g4+ 59. Kg3 Kd6 60. Re8 Re6 61. Rg8 Rxe4 62. Rg6+ Ke5 63. Rxh6 Rxc4 64. Rxc6 Kd5 65. Rc8 Rb4 66. b3 Rxb3+ 67. Kxg4 Re3 68. Kf4 Re1 69. Rd8+ Kc4 70. Rh8 Kb4 0-1

[Event "Early-Titled-Tuesday-Blitz-February-06-2024"]
[Site "Chess.com"]
[Date "2024.02.06"]
[Round "7"]
[White "RobertoJBM"]
[Black "JoachimBN"]
[Result "1/2-1/2"]
[WhiteElo "2807"]
[BlackElo "2621"]
[TimeControl "180+1"]
[EndTime "9:19:44 PST"]
[Termination "Game drawn by repetition"]

1. d4 Nf6 2. Nf3 g6 3. e3 Bg7 4. Be2 O-O 5. O-O b6 6. c4 Bb7 7. b3 e6 8. Ba3 Re8 9. Nc3 Ne4 10.
Nxe4 Bxe4 11. Rc1 a5 12. Nd2 Bb7 13. Bf3 Qc8 14. Re1 Bxf3 15. Nxf3 Qb7 16. e4 d6 17. d5 Na6 18. Qd2 Nc5 19. h4 h6 20.
Rcd1 Re7 21. Bxc5 bxc5 22. Re3 exd5 23. exd5 Rxe3 24. Qxe3 a4 25. g3 axb3 26. axb3 Rb8 27. Rd3 Qc8 28. Qe4 Qd7 29. Re3 Bf6 30. Kg2 Kg7 31.
Qf4 h5 32. Qe4 Ra8 33. Ng5 Rb8 34. Rf3 Qg4 35. Rf4 Qd7 36. Qf3 Bxg5 37. hxg5 Qe7 38. Rf6 Kg8 39. Kh3 Rf8 40. Kg2 Qe5 41. Qf4 Qxf4 42.
Rxf4 Rb8 43. Rf3 Ra8 44. Re3 Kf8 45. f4 Ra2+ 46. Kf3 Rb2 47. Ke4 Rg2 48. Kf3 Rb2 49. Ke4 Rf2 50. Rd3 f6 51. gxf6 Kf7 52.
Rf3 Rb2 53. Re3 Kxf6 54. Kf3 Rb1 55. Kg2 Kf5 56. Kh3 Rh1+ 57. Kg2 Rb1 58. Kh3 Rb2 59. Re7 Rxb3 60. Rxc7 Rb4 61. Rf7+ Ke4 62. Rf6 Rxc4 63. Rxd6 Kf5 64. Rc6 Rc3 65. d6 c4 66. d7 Rd3 67. Rc5+ Ke6 68. Rc6+ Kf5 69. Rc5+ Kf6 70. Rxc4 Rxd7 71. Rc6+ Kf5 72. Rc5+ Kf6 73. Kh4 Re7 74.
Rc6+ Kf5 75. Rc5+ Kf6 76. Rb5 Re6 77. g4 hxg4 78. Kxg4 Rd6 79. Ra5 Rc6 80. Ra8 Rb6 81.
Rc8 Kf7 82. Rc7+ Kf6 83. Rc5 Rd6 84. Re5 Rc6 85. Re1 Rb6 86. Rc1 Ra6 87. Rc5 Rd6 88. Rb5 Rc6 89. Rb4 Ra6 90. Rd4 Rc6 91. Rd8 Rb6 92.
Rh8 Kg7 93. Rh3 Kf6 94. Rg3 Rb4 95. Rc3 Rb6 96. Rc4 Ra6 97. Rc5 Rb6 98. Rc4 Ra6 99.
Rc5 1/2-1/2

[Event "Early-Titled-Tuesday-Blitz-February-06-2024"]
[Site "Chess.com"]
[Date "2024.02.06"]
[Round "7"]
[White "HATilay"]
[Black "APOKALIPSA13"]
[Result "1-0"]
[WhiteElo "2521"]
[BlackElo "2223"]
[TimeControl "180+1"]
[EndTime "9:19:47 PST"]
[Termination "HATilay won by checkmate"]

1. d4 e5 2. dxe5 Nc6 3. Nf3 Qe7 4. g3 Nxe5 5. Nxe5 Qxe5 6. Bg2 c6 7. O-O d5 8. Nc3 h5 9. e4 d4 10. Bf4 Qc5 11. Ne2 g5 12. b4 Qxb4 13. Be5 f6 14. Bxd4 Bg4 15. c3 Qc4 16. f3 Be6 17. Rb1 b6 18.
Rf2 Rd8 19. Bf1 c5 20. Nc1 Qxc3 21. Qa4+ Bd7 22. Qxd7+ Rxd7 23. Bxc3 Rd1 24. Rd2 Rxd2 25.
Bxd2 h4 26. Bb5+ Kf7 27. Bc3 Bd6 28. Ne2 hxg3 29. hxg3 Kg7 30. Rd1 Bb8 31. Rd7+ Kg6 32. Rb7 Nh6 33. e5 fxe5 34. Bd3+ Kf6 35. f4 gxf4 36.
gxf4 Rg8+ 37. Kf1 Ng4 38. Ng3 Rd8 39. Ke2 Ke6 40. Bf5+ Kd5 41. Bxg4 exf4 42. Nf5 Kc4 43. Bd2 b5 44. Bh5 Kd5 45. Nh4 Rh8 46. Bf7+ Kc6 47. Rxb8 Rxb8 48. Bxf4 Rf8 49. Ng6 Rxf7 50. Ne5+ Kd5 51.
Nxf7 Kc4 52. Kd2 Kb4 53. Kc2 a5 54. Kb2 c4 55. Bd6+ Ka4 56. Ne5 c3+ 57. Kxc3 b4+ 58. Kb2 Kb5 59. Bf8 a4 60. Nd3 b3 61. a3 Kc4 62. Nc5 Kb5 63. Ne4 Kc4 64. Nc3 Kd4 65. Nxa4 Kd5 66. Kxb3 Kc6 67. Nc5 Kb6 68. a4 Ka5 69.
Nb7+ Ka6 70. Nd6 Ka5 71. Nc4+ Ka6 72. Kb4 Ka7 73. a5 Kb7 74. Kb5 Ka7 75. a6 Kb8 76. Bd6+ Ka8 77. Nb6+ Ka7 78. Nc8+ Ka8 79. Bb4 Kb8 80. Nd6 Ka8 81. Nc8 Kb8 82. Nb6 Ka7 83. Bc5 Kb8 84. Nd7+ Ka8 85. Ne5 Kb8 86. Kc6 Ka8 87.
Nc4 Kb8 88. Kb6 Ka8 89. Nd6 Kb8 90. Nb5 Ka8 91. Nc7+ Kb8 92. a7+ Kc8 93. a8=Q+ Kd7 94. Qd5+ Kc8 95. Ne6 Kb8 96. Qd8# 1-0